 Dungeon Crawl Stone Soup version 0.22-a0-32-ga749362bc3 (webtiles) character file.

144 Kaname the Conjurer (level 5, 33/52 HPs)
             Began as a Demonspawn Wizard on Jan 3, 2018.
             Quit the game on level 3 of the Dungeon.
             The game lasted 00:08:14 (2313 turns).

Kaname the Conjurer (Demonspawn Wizard)             Turns: 2313, Time: 00:08:14

Health: 33/52      AC:  6    Str: 12    XL:     5   Next: 5%
Magic:  2/9        EV: 12    Int: 21    God:
Gold:   130        SH:  0    Dex: 11    Spells: 1/10 levels left

rFire    . . .     SeeInvis .   p - +0 spear
rCold    . . .     Gourm    .   (no shield)
rNeg     . . .     Faith    .   a - +0 robe
rPois    .         Spirit   .   b - +0 hat
rElec    .         Reflect  .   (no cloak)
rCorr    .         Harm     .   j - +0 pair of gloves
MR       .....                  g - +0 pair of boots
Stlth    ..........             (no amulet)
HPRegen  0.17/turn              (no ring)
MPRegen  0.11/turn              (no ring)

@: berserking, very quick
A: antennae 1, icy blue scales 1, powered by pain 1
a: no special abilities


You were on level 3 of the Dungeon.
You were not hungry.

You visited 1 branch of the dungeon, and saw 3 of its levels.

You collected 130 gold pieces.

Inventory:

Hand Weapons
 p - a +0 spear (weapon)
Missiles
 l - 24 arrows
Armour
 a - a +0 robe (worn)
 b - a +0 hat (worn)
 g - a +0 pair of boots (worn)
 j - a +0 pair of gloves (worn)
Scrolls
 e - 2 scrolls of remove curse {unknown}
 h - a scroll of magic mapping {unknown}
 k - a scroll of fear {unknown}
 n - a scroll of enchant armour {unknown}
Potions
 i - a potion of invisibility {unknown}
 m - a potion of brilliance {unknown}
 q - a potion of agility {unknown}
Comestibles
 d - 7 rations
 o - a chunk of flesh


   Skills:
 - Level 1.7 Dodging
 - Level 1.7 Stealth
 - Level 3.0 Spellcasting
 + Level 4.7 Conjurations
   Level 1.0 Summonings
 - Level 1.0 Translocations
 - Level 1.0 Poison Magic


You had one spell level left.
You knew the following spells:

 Your Spells              Type           Power        Failure   Level  Hunger
a - Magic Dart            Conj           ###.         1%          1    None
b - Blink                 Tloc           N/A          13%         2    ##.....
c - Mephitic Cloud        Conj/Pois/Air  ##......     19%         3    ###....
d - Conjure Flame         Conj/Fire      ##......     16%         3    ###....


Dungeon Overview and Level Annotations

Branches:
Dungeon (3/15)

Altars:
Cheibriados
Gozag
Qazlal
Ru
Sif Muna

Annotations:
D:2 Natasha


Innate Abilities, Weirdness & Mutations

You have a pair of small antennae on your head.
You are partially covered in icy blue scales. (AC +2)
You sometimes gain a little power by taking damage.


Message History

You barely miss the orc priest.
The orc priest is almost dead.
The orc priest closely misses you.
You puncture the orc priest!
You kill the orc priest!
Unknown command.
Unknown command.
Unknown command.
You hit the orc priest but do no damage.
The orc priest is heavily wounded.
Unknown command.
Attack whom?
Press: ? - help, Dir - move target cursor, f - orc priest
Aim: an orc priest, wielding a dagger and wearing a scale mail (heavily wounded, confused)
You reach to attack!
You puncture the orc priest!
You kill the orc priest!
You have reached level 5!
Your demonic ancestry asserts itself...
Icy blue scales grow over part of your body.
Are you sure you want to abandon this character and quit the game? (Confirm with "yes".)

###....# #.##Y###'######
#....# #.##..#........
#..o.# #.###..........
####....## #.# #..........
#.....(..# #.# #..........
#.......o# #.# ##.........
#......){# #.# #...######
#........####'####.).#
#........)@......#...#
#................#.#.######
######.....).....#'#>...:..
#....................####
#........##..........#
#........######......#
#.....)..# #......#
#........# #......#
#........# #......#


There were no monsters in sight!

Vanquished Creatures
  2 orc priests (D:3)
  Jessica (D:2)
  An adder (D:2)
  2 worms (D:2)
  A dart slug (D:1)
  A leopard gecko (D:3)
  3 orcs (D:3)
  A ball python (D:1)
  3 giant cockroaches
  5 goblins
  5 hobgoblins
  4 jackals (D:1)
  A quokka (D:3)
  8 bats
  2 frilled lizards
  6 kobolds
  6 rats
52 creatures vanquished.

Notes
Turn   | Place    | Note
-------+----------+-------------------------------------------
     0 | D:1      | Kaname the Demonspawn Wizard began the quest for the Orb.
     0 | D:1      | Reached XP level 1. HP: 13/13 MP: 4/4
   149 | D:1      | Reached skill level 2 in Conjurations
   165 | D:1      | Gained mutation: You sometimes gain a little power by taking damage. [demonic ancestry]
   165 | D:1      | Reached XP level 2. HP: 19/19 MP: 1/6
   169 | D:1      | Learned a level 2 spell: Blink
   262 | D:1      | Reached skill level 1 in Translocations
   742 | D:2      | Noticed Jessica
   788 | D:2      | Killed Jessica
   788 | D:2      | Reached skill level 3 in Conjurations
   788 | D:2      | Reached XP level 3. HP: 24/24 MP: 4/7
   793 | D:2      | Learned a level 3 spell: Mephitic Cloud
   807 | D:2      | Found a stormy altar of Qazlal.
  1038 | D:2      | Gained mutation: You have a pair of small antennae on your head. [demonic ancestry]
  1038 | D:2      | Reached XP level 4. HP: 30/30 MP: 2/8
  1111 | D:2      | Found an opulent altar of Gozag.
  1133 | D:2      | Found a sacrificial altar of Ru.
  1133 | D:2      | Noticed Natasha
  1376 | D:3      | Learned a level 3 spell: Conjure Flame
  1379 | D:3      | Reached skill level 4 in Conjurations
  1479 | D:3      | Found a deep blue altar of Sif Muna.
  1526 | D:3      | Found a snail-covered altar of Cheibriados.
  1565 | D:3      | Reached skill level 1 in Poison Magic
  1630 | D:3      | Noticed an ice beast
  1693 | D:3      | HP: 1/30 [ice beast (14)]
  2312 | D:3      | Gained mutation: You are partially covered in icy blue scales. (AC +2) [demonic ancestry]
  2312 | D:3      | Reached XP level 5. HP: 33/35 MP: 2/9
  2313 | D:3      | Quit the game

Vault maps used:
D:1:      matt_arrival_refuge
D:2:      lemuel_crystal_altar, nicolae_overflow_hidden_temple,
          lemuel_doored_altar, uniq_jessica, uniq_natasha
D:3:      cheibriados_altar_1, lemuel_round_altar

Skill      XL: |  1  2  3  4 |
---------------+-------------+-----
Conjurations   | 2 3 4 |  4.7
Translocations | 1 |  1.0
Poison Magic   | 1 |  1.0
Dodging        | |  1.7
Stealth        | |  1.7
Spellcasting   | |  3.0
Summonings     | |  1.0

Action                   |  1- 3 |  4- 6 || total
-------------------------+-------+-------++-------
Melee: Hand axe          |    66 |    19 ||    85
       Spear             |       |    27 ||    27
 Cast: Magic Dart        |    50 |    45 ||    95
       Mephitic Cloud    |       |     3 ||     3
       Conjure Flame     |       |     1 ||     1
       Blink             |       |     1 ||     1
  Use: Potion            |       |     2 ||     2
 Stab: Sleeping          |     2 |       ||     2
  Eat: Chunk             |       |     2 ||     2
       Ration            |       |     1 ||     1
Armor: Robe              |    25 |     8 ||    33
Dodge: Dodged            |    61 |    30 ||    91

Table legend:
 A = Spawn XP
 B = Non-spawn XP
 C = Spawn XP percentage of total XP
 D = Spawn monster count
 E = Non-spawn monster count
 F = Spawn count percentage of total count
 G = Total turns spent on level
                    A         B        C        D         E        F      G
               +---------+---------+-------+---------+---------+-------+---------
         Total |       0 |     206 |   0.0 |       0 |      52 |   0.0 |  2313
               +---------+---------+-------+---------+---------+-------+---------
           D:1 |       0 |      36 |   0.0 |       0 |      21 |   0.0 |   723
           D:2 |       0 |      70 |   0.0 |       0 |      10 |   0.0 |   670
           D:3 |       0 |     100 |   0.0 |       0 |      21 |   0.0 |   920
               +---------+---------+-------+---------+---------+-------+---------
